AoeStats
← KOSOVAR

Arabia

508484481Analyzed
1v1 RM · 11d ago on Sep 22, 2026· 38m 41s· 2 players
Game mode
Random Map
Map size
Tiny (2 player)
Population
200
Speed
Normal
Resources
Standard
Victory
Conquest
Starting age
Dark Age
Ending age
Imperial Age
RankedLock teamsTeams togetherTeam positionsShared explorationLock speedFull tech treeHidden civsTurbo modeCheats
Victory
Defeat
🇺🇸 Portuguese · United States
600
+19
🇪🇸 Koreans · Spain
656
-19
KOSOVAR
7:42 Loom
12:25 Feudal Age
14:05 Stone Mining
14:04 Double-Bit Axe
18:02 Fletching
22:28 Horse Collar
25:55 Castle Age
25:39 Gold Mining
26:52 Bodkin Arrow
31:49 Gambesons
32:25 Heavy Plow
32:38 Elite Skirmisher
33:29 Scale Mail Armor
33:39 Forging
33:45 Bow Saw
34:52 Wheelbarrow
36:23 Ballistics
38:57 Hand Cart
Eluniko702
0:33 Loom
12:57 Feudal Age
14:47 Wheelbarrow
14:05 Gold Mining
13:58 Horse Collar
14:06 Double-Bit Axe
15:07 Arson
16:49 Town Watch
16:28 Man-at-Arms
23:02 Castle Age
21:00 Stone Mining
23:20 Bloodlines
24:18 Hand Cart
25:58 Scale Barding Armor
25:53 Padded Archer Armor
25:44 Fletching
26:48 Scale Mail Armor
27:26 Leather Archer Armor
28:33 Gambesons
28:08 Long Swordsman
28:11 Crossbowman
29:21 Heavy Plow
29:50 Husbandry
29:13 Elite Skirmisher
30:51 Chain Mail Armor
31:54 Bow Saw
32:53 Stone Shaft Mining
32:59 Chain Barding Armor
34:01 Town Patrol
36:23 Circumnavigation
36:50 Light Cavalry
38:29 Thumb Ring
Connection lost

Rejoining the realm…

Still unreachable

The connection could not be restored.

Session expired

The server has moved on; the page needs a fresh start.